 Dungeon Crawl Stone Soup version 0.31.0-9-g3a7656b989 (webtiles) character file.

Game seed: 14217154945433243052

81 qw the Shooter (level 4, -2/25 HPs)
             Began as a Deep Elf Hunter on Feb 2, 2024.
             Slain by a hobgoblin (3 damage)
             ... on level 3 of the Dungeon.
             The game lasted 00:00:07 (1630 turns).

qw the Shooter (Deep Elf Hunter)                    Turns: 1630, Time: 00:00:07

Health: -2/25      AC:  6    Str: 10    XL:     4   Next: 19%
Magic:  6/6        EV:  9    Int: 14    God:
Gold:   134        SH:  0    Dex: 18    Spells: 3/3 levels left

rFire   + . .        a - +0 shortbow
rCold   + . .        (shield currently unavailable)
rNeg    . . .        b - +0 scale mail of Theory {-Cast rF+ Will+ SInv}
rPois   .            (no helmet)
rElec   .            (no cloak)
rCorr   +            (no gloves)
SInv    +            (no boots)
Will    +....        (no amulet)
Stlth   +            h - ring of protection from cold
HPRegen 0.24/turn    i - ring of resist corrosion
MPRegen 0.10/turn

%: no spellcasting
@: no status effects
A: no striking features
a: no special abilities


You were on level 3 of the Dungeon.
You visited 1 branch of the dungeon, and saw 3 of its levels.

You collected 134 gold pieces.


   Skills:
 - Level 1.5 Fighting
 + Level 7.6 Ranged Weapons
 - Level 2.4 Dodging
 - Level 1.2 Stealth


You had 3 spell levels left.
You didn't know any spells.
Your spell library was empty.

Inventory:

Hand Weapons
 a - a +0 shortbow (weapon)
Armour
 b - the +0 scale mail of Theory (worn) {-Cast rF+ Will+ SInv}
   (You acquired it on level 2 of the Dungeon)

   rF+:       It protects you from fire.
   Will+:     It increases your willpower.
   SInv:      It lets you see invisible.
   -Cast:     It prevents spellcasting.
 c - a +0 ring mail of cold resistance
Jewellery
 h - a ring of protection from cold (left hand)
 i - a ring of resist corrosion (right hand)
 j - a ring of fire
Scrolls
 e - a scroll of enchant armour
 k - 2 scrolls of teleportation
 l - a scroll of identify
Potions
 d - 2 potions of curing {unknown}
 f - a potion of haste {unknown}
 g - a potion of brilliance {unknown}

Dungeon Overview and Level Annotations

Branches:
Dungeon (3/15)

Altars:


Message History

You shoot an arrow. The arrow closely misses the rat.
You shoot an arrow. The arrow hits the rat!
You kill the rat!
You now have 134 gold pieces (gained 10).
A hobgoblin comes into view.
The hobgoblin shouts!
The iguana hisses angrily.
Enter note:
Enter note: You shoot an arrow.
The arrow barely misses the iguana.
You shoot an arrow. The arrow hits the iguana.
The iguana is lightly wounded.
A hobgoblin comes into view.
You shoot an arrow. The hobgoblin shouts!
The arrow hits the iguana but does no damage.
The iguana is lightly wounded.
You shoot an arrow. The arrow hits the iguana!
The iguana is severely wounded.
You shoot an arrow.
The arrow hits the iguana but does no damage.
The iguana is severely wounded.
The iguana bites you! The hobgoblin closely misses you.
You shoot an arrow. The arrow hits the iguana.
The iguana is severely wounded.
The iguana bites you but does no damage.
The hobgoblin barely misses you. The iguana bites you. The hobgoblin hits you.
You shoot an arrow. The arrow hits the iguana.
The iguana is severely wounded.
The iguana bites you but does no damage.
The hobgoblin hits you but does no damage. x2
You shoot an arrow. The arrow closely misses the iguana.
The iguana closely misses you. The hobgoblin closely misses you.
The hobgoblin barely misses you.
You shoot an arrow. The arrow closely misses the iguana.
The iguana barely misses you. The hobgoblin closely misses you.
The hobgoblin completely misses you.
You shoot an arrow. The arrow hits the iguana.
The iguana is severely wounded.
The iguana bites you! The hobgoblin hits you.
You die...

##....#### #........
#..#. # #...........
....#. # #.......#..#
##..... ##
........#..###... ##.
........#.......# #.[
........#.......# #..
......gg#......#######..
......l@#...............
########.......#######..
.........<....# ##.
########...%..# ##
#......# # ########


You could see an iguana and 2 hobgoblins.

Vanquished Creatures
  4 adders
  2 dart slugs (D:1)
  A ribbon worm (D:3)
  An orc (D:3)
  3 endoplasms
  A giant cockroach (D:2)
  3 goblins (D:1)
  6 hobgoblins
  2 quokkas (D:1)
  6 ball pythons
  A bat (D:1)
  4 frilled lizards
  A kobold (D:1)
  6 rats
41 creatures vanquished.

Notes
Turn   | Place    | Note
-------+----------+-------------------------------------------
     0 | D:1      | qw the Deep Elf Hunter began the quest for the Orb.
     0 | D:1      | Reached XP level 1. HP: 12/12 MP: 3/3
     0 | D:1      | 0 ||| qw: Version: 0.3-a-155-g5e7d8dd
     0 | D:1      | 0 ||| qw: Game counter: 1711
     0 | D:1      | 0 ||| qw: Melee chars always use a shield: true
     0 | D:1      | 0 ||| qw: God list: Okawaru
     0 | D:1      | 0 ||| qw: Allow faded altars: false
     0 | D:1      | 0 ||| qw: Do Orc after clearing Dungeon:15 true
     0 | D:1      | 0 ||| qw: Do second Lair branch before Depths: true
     0 | D:1      | 0 ||| qw: Lair rune preference: random
     0 | D:1      | 0 ||| qw: Goals: Normal
     0 | D:1      | 0 ||| PLANNING D:1-11
    97 | D:1      | Reached XP level 2. HP: 16/16 MP: 4/4
   107 | D:1      | Reached skill level 6 in Ranged Weapons
   483 | D:1      | Reached XP level 3. HP: 20/20 MP: 5/5
   497 | D:1      | 497 ||| UPGRADING to ring of protection from cold.
   498 | D:1      | 498 ||| UPGRADING to ring of resist corrosion.
   499 | D:1      | 499 ||| READING scroll labelled DEABLA ZAPIL.
   600 | D:1      | 600 ||| READING 2 scrolls labelled WOKKEYCHIR.
   600 | D:1      | 600 ||| ENCHANTING +0 shortbow.
   601 | D:1      | 601 ||| READING scroll labelled MEQACU ICOIXO.
   602 | D:1      | 602 ||| READING 2 scrolls labelled HUS KOTIAR.
   602 | D:1      | 602 ||| IDENTIFYING fuming brown potion
   603 | D:1      | 603 ||| READING scroll of identify.
   603 | D:1      | 603 ||| IDENTIFYING scroll labelled TIURUFU SEJAT
   604 | D:1      | 604 ||| DROPPING scroll of butterflies.
   605 | D:1      | 605 ||| DROPPING potion of magic.
   760 | D:2      | Found a faded altar of an unknown god.
   913 | D:2      | Reached skill level 7 in Ranged Weapons
  1214 | D:2      | 1214 ||| READING 3 scrolls of identify.
  1214 | D:2      | 1214 ||| IDENTIFYING scroll labelled FIOXAX SAUCHA
  1214 | D:2      | Identified a scroll of acquirement
  1215 | D:2      | 1215 ||| READING scroll of acquirement.
  1215 | D:2      | 1215 ||| ACQUIRING +0 scale mail of Theory {-Cast rF+ Will+
                  | SInv}
  1215 | D:2      | Acquired the +0 scale mail of Theory {-Cast rF+ Will+ SInv}
  1217 | D:2      | 1217 ||| UPGRADING to +0 scale mail of Theory {-Cast rF+
                  | Will+ SInv}.
  1227 | D:2      | 1227 ||| DROPPING +0 leather armour.
  1228 | D:2      | 1228 ||| READING 2 scrolls of identify.
  1228 | D:2      | 1228 ||| IDENTIFYING scroll labelled YZUEHO KUEM
  1229 | D:2      | 1229 ||| READING scroll of identify.
  1229 | D:2      | 1229 ||| IDENTIFYING scroll labelled FEULUGR REBBUGRIC
  1230 | D:2      | 1230 ||| READING scroll labelled GIGGAC XUETT.
  1231 | D:2      | 1231 ||| DROPPING scroll of fog.
  1232 | D:2      | 1232 ||| DROPPING scroll of amnesia.
  1347 | D:3      | Reached XP level 4. HP: 25/25 MP: 6/6
  1420 | D:3      | HP: 3/25 [iguana (5)]
  1421 | D:3      | 1421 ||| READING 2 scrolls of teleportation.
  1423 | D:3      | HP: 1/25 [iguana (3)]
  1630 | D:3      | HP: 1/25 [iguana (10)]
  1630 | D:3      | Slain by a hobgoblin

Levels and vault maps discovered:
D:1:      elethiomel_arrival_fortress_basement, layout_rooms
D:2:      layout_basic, hellmonk_ecumenical_altar_heavens_door,
          nicolae_the_louvre
D:3:      layout_rooms, saegor_snake_ambush

Skill      XL: |  1  2  3 |
---------------+----------+-----
Ranged Weapons | 6 7 |  7.6
Fighting       | |  1.5
Dodging        | |  2.4
Stealth        | |  1.2

Action                     |  1- 3 |  4- 6 || total
---------------------------+-------+-------++-------
   Fire: Shortbow          |   105 |    32 ||   137
    Use: Scroll            |    10 |     1 ||    11
 Armour: Leather armour    |    15 |       ||    15
         Scale mail        |    11 |    19 ||    30
  Dodge: Dodged            |    21 |    12 ||    33

Table legend:
 A = Non-vault XP
 B = Vault XP
 C = Vault XP percentage of total XP
 D = Non-vault monster count
 E = Vault monster count
 F = Vault count percentage of total count
                 A         B        C        D         E       F
            +---------+---------+-------+---------+---------+-------
      Total |     115 |       1 |   0.9 |      40 |       1 |   2.4
            +---------+---------+-------+---------+---------+-------
        D:1 |      41 |       1 |   2.4 |      23 |       1 |   4.2
        D:2 |      33 |       0 |   0.0 |       7 |       0 |   0.0
        D:3 |      41 |       0 |   0.0 |      10 |       0 |   0.0
            +---------+---------+-------+---------+---------+-------
